 Dungeon Sprint DCSS version 0.29-a0-653-gd47aff6735 (webtiles) character file.

Game seed: 6198787843948998684

235 purpskrrrp the Ruffian (level 5, -11/59 HPs)
             Began as a Troll Berserker on June 22, 2022.
             Was a Believer of Trog.
             Mangled by a boulder beetle (16 damage)
             ... in the Dungeon (Sprint II: "The Violet Keep of Menkaure").
             The game lasted 00:00:59 (182 turns).

purpskrrrp the Ruffian (Troll Berserker)             Turns: 182, Time: 00:01:00

Health: -11/59     AC:  4    Str: 27    XL:     5   Next: 76%
Magic:  4/4        EV: 11    Int:  3    God:    Trog [**....]
Gold:   243        SH:  0    Dex:  9    Spells: 4/4 levels left

rFire   . . .      SeeInvis .     - Unarmed
rCold   . . .      Faith    .   (no shield)
rNeg    . . .      Spirit   .   a - +0 animal skin
rPois   .          Reflect  .   (helmet restricted)
rElec   .          Harm     .   (no cloak)
rCorr   .          Rampage  .   (gloves unavailable)
Will    .....      NoTele   +   (boots unavailable)
Stlth   +.........              (no amulet)
HPRegen 0.99/turn               (no ring)
MPRegen 0.09/turn               (no ring)

@: on berserk cooldown, slowed, very slow
A: large, unfitting armour, claws 3, regeneration 1, shaggy fur 1, tough skin 1
a: Renounce Religion, Berserk, Trog's Hand


You were in the Dungeon.
You worshipped Trog.
Trog was pleased with you.
You visited 1 branch You collected 243 gold pieces.

Inventory:

Armour
 a - a +0 animal skin (worn)
Scrolls
 g - a scroll of blinking
Potions
 b - a potion of curing
 c - a potion of heal wounds
 d - a potion of haste
 e - 2 potions of magic
 f - a potion of berserk rage


   Skills:
 + Level 6.1 Fighting
 + Level 6.1 Dodging
 + Level 7.9 Unarmed Combat


You had 4 spell levels left.
You didn't know any spells.
Your spell library was empty.

Dungeon Overview and Level Annotations

Branches:
Dungeon (1/1)

Altars:


Innate Abilities, Weirdness & Mutations

You are too large for most types of armour.
You have claws for hands.
Your natural rate of healing is unusually fast.
You are covered in fur. (AC +1)
You have tough skin. (AC +1)


Message History

A red film seems to cover your vision as you go berserk!
You feel yourself moving faster!
You feel mighty!
You claw the boulder beetle!
The boulder beetle is lightly wounded.
You scratch the boulder beetle but do no damage.
The boulder beetle is lightly wounded.
The boulder beetle barely misses you.
You mangle the boulder beetle!!
The boulder beetle is moderately wounded.
The boulder beetle bites you.
You scratch the boulder beetle but do no damage.
The boulder beetle is moderately wounded.
You claw the boulder beetle!
The boulder beetle is heavily wounded.
The boulder beetle leaps!
There is an open door here.
You claw the boulder beetle!
The boulder beetle is lightly wounded.
The boulder beetle bites you.
You claw the boulder beetle!
The boulder beetle is moderately wounded.
You claw the boulder beetle!
The boulder beetle is heavily wounded.
The boulder beetle leaps! x2
You feel a strong urge to attack something.
You are no longer berserk.
You are exhausted.
You feel yourself slow down.
There is an open door here.
You claw the boulder beetle!
The boulder beetle is heavily wounded.
The boulder beetle bites you!!
You scratch the boulder beetle but do no damage.
The boulder beetle is heavily wounded.
The boulder beetle bites you!!
* * * LOW HITPOINT WARNING * * *
The boulder beetle bites you!
* * * LOW HITPOINT WARNING * * *
The boulder beetle misses you. The boulder beetle bites you!
You die...

##+##
##.#$##
#..#..#
####.#B#
##.###@#
#..†##B##
+.##†.<.+
#...##.##
##.###+#
###


You could see 2 boulder beetles.

Vanquished Creatures
  4 necrophages (D)
4 creatures vanquished.

Vanquished Creatures (others)
  Menkaure (D)
  A water moccasin (D)
2 creatures vanquished.

Grand Total: 6 creatures vanquished

Notes
Turn   | Place    | Note
-------+----------+-------------------------------------------
     0 | D        | purpskrrrp the Troll Berserker began the quest for the Orb.
     0 | D        | Reached XP level 1. HP: 22/22 MP: 0/0
     1 | D        | Noticed a necrophage
     1 | D        | Noticed a necrophage
     1 | D        | Noticed a necrophage
     1 | D        | Noticed a necrophage
     5 | D        | Killed a necrophage
     6 | D        | Reached skill level 5 in Unarmed Combat
     6 | D        | Reached XP level 2. HP: 32/32 MP: 1/1
     6 | D        | Reached XP level 3. HP: 39/39 MP: 2/2
     9 | D        | Killed a necrophage
    10 | D        | Reached skill level 5 in Fighting
    10 | D        | Reached skill level 5 in Dodging
    10 | D        | Reached skill level 6 in Unarmed Combat
    10 | D        | Reached XP level 4. HP: 50/50 MP: 3/3
    11 | D        | Killed a necrophage
    11 | D        | Reached ** piety under Trog
    12 | D        | Reached skill level 7 in Unarmed Combat
    12 | D        | Reached XP level 5. HP: 59/59 MP: 4/4
    47 | D        | Killed Menkaure
    50 | D        | Killed a water moccasin
   168 | D        | Noticed a boulder beetle
   168 | D        | Noticed a boulder beetle
   182 | D        | Mangled by a boulder beetle

Illustrated notes

Levels and vault maps discovered:
D:        the_violet_keep_of_menkaure [sprint2_stairs_cluster_1,
          sprint2_shoproom, sprint2_temple, sprint2_basic_supplies,
          sprint2_obstacle_1, sprint2_obstacle_3, sprint2_obstacle_5,
          sprint2_obstacle_6, sprint2_obstacle_2, sprint2_timed_cluster_1,
          sprint2_smallroom_cluster_1, sprint2_smallroom_final_cluster_1,
          sprint2_transparent_cluster_1, sprint2_second_timed_cluster_1,
          sprint2_sniper_area_1, sprint2_heavy_combat_area_1,
          sprint2_mutation_trap_area_1, sprint2_forest_area_1,
          sprint2_light_combat_area_1, sprint2_behind_water_1,
          sprint2_near_end_vault_1]

Skill      XL: |  1  2  3  4  5 |
---------------+----------------+-----
Fighting       | 4 5 6 |  6.1
Dodging        | 4 5 6 |  6.1
Unarmed Combat | 5 6 7 |  7.9

Action                   |  1- 3 |  4- 6 || total
-------------------------+-------+-------++-------
Melee: Unarmed           |     6 |    16 ||    22
       Punch             |       |     1 ||     1
Invok: Berserk           |     1 |     1 ||     2
Armor: Animal skin       |       |     1 ||     1
Dodge: Dodged            |     1 |     3 ||     4

Table legend: (Time is in decaauts)
 A = Elapsed time spent in this place.
 B = Non-inter-level travel time spent in this place.
 C = Inter-level travel time spent in this place.
 D = Time resting spent in this place.
 E = Time spent auto-exploring this place.
 F = Levels seen in this place.
 G = Mean time per level.
                   A        B        C        D        E       F      G
               +--------+--------+--------+--------+--------+-----+--------+
         Total |    185 |    176 |      9 |    153 |      0 |   1 |  185.0 |
       Dungeon |    185 |    176 |      9 |    153 |      0 |   1 |  185.0 |
               +--------+--------+--------+--------+--------+-----+--------+

Top non-repeatable levels by time:
       D: 185 daAuts
